 Dungeon Crawl Stone Soup version 0.28-a0-1616-g050a50673c (webtiles) character file.

Game seed: 3902426738035424235

323 issech the Cudgeller (level 6, -3/61 HPs)
             Began as a Troll Fighter on Jan 22, 2022.
             Was a Follower of Trog.
             Slain by a mummy (5 damage)
             ... in an ossuary.
             The game lasted 00:12:45 (3044 turns).

issech the Cudgeller (Troll Fighter)                Turns: 3044, Time: 00:12:46

Health: -3/61      AC:  5    Str: 25    XL:     6   Next: 23%
Magic:  5/5        EV:  9    Int:  4    God:    Trog [*.....]
Gold:   121        SH:  7    Dex: 11    Spells: 5/5 levels left

rFire   . . .      SeeInvis .   k - +0 mace
rCold   + . .      Faith    .   c - +0 kite shield
rNeg    . . .      Spirit   .   q - +1 robe {rC+}
rPois   .          Reflect  .   (helmet restricted)
rElec   .          Harm     .   (no cloak)
rCorr   .          Rampage  .   (gloves unavailable)
Will    .....                   (boots unavailable)
Stlth   +.........              (no amulet)
HPRegen 1.00/turn               (no ring)
MPRegen 0.09/turn               (no ring)

@: on berserk cooldown, slowed, very slow
A: large, unfitting armour, claws 3, regeneration 1, shaggy fur 1, tough skin 1
a: Renounce Religion, Berserk


You were in an ossuary.
You worshipped Trog.
Trog was aware of your devotion.
You visited 1 branch of the dungeon, and saw 4 of its levels.
You also visited: Ossuary.

You collected 121 gold pieces.

Inventory:

Hand Weapons
 a - a +0 flail
 h - a +2 dagger of holy wrath
 i - a +3 dagger
 k - a +0 mace (weapon)
 l - a +0 whip
 w - a +0 giant club
 x - a +0 long sword
Missiles
 e - 2 throwing nets
 g - 79 stones (quivered)
 j - 19 sling bullets
 s - 25 bolts
 y - 22 arrows
 A - 3 poisoned darts
Armour
 c - a +0 kite shield (worn)
 q - a +1 robe of cold resistance (worn)
Scrolls
 m - 2 scrolls of teleportation
 r - a scroll of amnesia {unknown}
 u - a scroll of fear {unknown}
 v - a scroll of identify
Potions
 b - 2 potions of degeneration {unknown}
 d - a potion of might
 f - 2 potions of attraction {unknown}
 n - a potion of flight
 o - a potion of berserk rage
 p - a potion of resistance
 t - a potion of heal wounds {unknown}
 z - a potion of haste {unknown}


   Skills:
 + Level 3.5 Fighting
 + Level 3.8 Maces & Flails
 + Level 3.6 Dodging
 + Level 0.3 Stealth
 + Level 3.0 Shields


You had 5 spell levels left.
You didn't know any spells.
Your spell library contained the following spells:

 Spells                   Type           Power      Damage    Failure   Level
 Ozocubu's Armour         Ice            0%         N/A       99%         3
 Ozocubu's Refrigeration  Ice            0%         4d5       100%        7


Dungeon Overview and Level Annotations

Branches:
Dungeon (4/15)            Ossuary (1/1)
 Temple: D:4-7

Altars:
Trog


Innate Abilities, Weirdness & Mutations

You are too large for most types of armour.
You have claws for hands.
Your natural rate of healing is unusually fast.
You are covered in fur. (AC +1)
You have tough skin. (AC +1)


Message History

You block the mummy's attack.
The orc zombie hits you but does no damage.
The mummy hits you!
You sock the mummy!
The mummy is severely damaged.
The hound zombie barely misses you.
The hound zombie bites you but does no damage.
The orc zombie hits you but does no damage.
You block the mummy's attack. x2; The hound zombie barely misses you.
The orc zombie hits you but does no damage.
You barely miss the mummy.
The mummy is severely damaged.
You block the hound zombie's attack.
The hound zombie bites you but does no damage.
The mummy hits you. The orc zombie closely misses you.
You block the mummy's attack. The hound zombie barely misses you.
The mummy hits you but does no damage.
You hit the mummy.
The mummy is almost destroyed.
The hound zombie bites you but does no damage.
The mummy barely misses you. You block the hound zombie's attack.
The mummy hits you! x2
The hound zombie bites you but does no damage.
You block the mummy's attack.
You barely miss the mummy.
The mummy is almost destroyed.
The hound zombie barely misses you. The hound zombie bites you.
The mummy hits you.
* * * LOW HITPOINT WARNING * * *
The mummy hits you.
* * * LOW HITPOINT WARNING * * *
You block the mummy's attack.
You hit the mummy.
The mummy is almost destroyed.
The hound zombie bites you but does no damage.
The hound zombie barely misses you. You block the mummy's attack.
The mummy closely misses you. The mummy hits you!
* * * LOW HITPOINT WARNING * * *
The hound zombie barely misses you. The mummy hits you.
You die...

.... .........
.#####.........+###
..................#
..................#
...........##.....#
Z...Z......##.....#
..................#
...............ZM.#
...............#@.#
.........Z....##MM#
...∩∩...ZZ....##ZZ#
.......Z......##ZZ#
...............#..#
..................#
...........##.....#
...........##.....#
..................#


You could see 3 mummies, a hound zombie, an orc zombie, an elf zombie and 2
human zombies.

Vanquished Creatures
  An ogre (D:3)
  A water moccasin skeleton (D:4)
  An orc wizard (D:3)
  A hound zombie (Ossuary)
  A hound skeleton (D:4)
  2 mummies
  A gnoll (D:1)
  3 adders
  An adder zombie (Ossuary)
  A worm (D:2)
  3 orcs (D:3)
  6 bats
  9 endoplasms
  A giant cockroach (D:4)
  A gnoll zombie (Ossuary)
  5 goblins
  5 hobgoblins
  3 quokkas
  6 ball pythons
  5 frilled lizards
  A goblin zombie (Ossuary)
  A jackal zombie (Ossuary)
  7 kobolds
  4 rats
  A rat zombie (Ossuary)
71 creatures vanquished.

Notes
Turn   | Place    | Note
-------+----------+-------------------------------------------
     0 | D:1      | issech the Troll Fighter began the quest for the Orb.
     0 | D:1      | Reached XP level 1. HP: 22/22 MP: 0/0
   258 | D:1      | Reached XP level 2. HP: 24/29 MP: 1/1
   619 | D:1      | Reached XP level 3. HP: 37/37 MP: 2/2
   991 | D:2      | Found a bloodstained altar of Trog.
  1022 | D:2      | Became a worshipper of Trog the Wrathful
  1948 | D:3      | Reached XP level 4. HP: 45/45 MP: 3/3
  2064 | D:3      | Found a faded altar of an unknown god.
  2511 | D:3      | Reached * piety under Trog
  2619 | D:3      | Noticed an ogre
  2643 | D:3      | Killed an ogre
  2644 | D:3      | Reached XP level 5. HP: 53/53 MP: 4/4
  2933 | D:4      | Reached XP level 6. HP: 60/61 MP: 5/5
  2959 | D:4      | Found a sand-covered staircase.
  2968 | Ossuary  | Entered an ossuary
  3044 | Ossuary  | HP: 2/61 [mummy (8)]
  3044 | Ossuary  | Slain by a mummy

Illustrated notes

Levels and vault maps discovered:
D:1:      minmay_arrival_wavy_path, layout_basic
D:2:      layout_basic, basic_altar, serial_park_tiny_1
D:3:      layout_basic, hellmonk_ecumenical_altar_leap_of_faith, hex_tiny
D:4:      layout_loops_ring, nicolae_ossuary_entry_giza, grunt_ministairs_12,
          uniq_blork_the_orc
Ossuary:  ossuary_minmay_tomb_2a

Skill      XL: |  1  2  3  4  5  6 |
---------------+-------------------+-----
Maces & Flails | 2 3 |  3.8
Fighting       | 3 |  3.5
Dodging        | 3 |  3.6
Shields        | 3 |  3.0
Stealth        | |  0.3

Action                   |  1- 3 |  4- 6 || total
-------------------------+-------+-------++-------
Melee: Flail             |    37 |       ||    37
       Mace              |    81 |   164 ||   245
Invok: Berserk           |       |     2 ||     2
  Use: Scroll            |     5 |       ||     5
 Stab: Sleeping          |       |     1 ||     1
Armor: Robe              |    56 |    85 ||   141
Dodge: Dodged            |    47 |   107 ||   154
Block: Kite shield       |    53 |    79 ||   132

Table legend: (Time is in decaauts)
 A = Elapsed time spent in this place.
 B = Non-inter-level travel time spent in this place.
 C = Inter-level travel time spent in this place.
 D = Time resting spent in this place.
 E = Time spent auto-exploring this place.
 F = Levels seen in this place.
 G = Mean time per level.
                   A        B        C        D        E       F      G
               +--------+--------+--------+--------+--------+-----+--------+
         Total |   3169 |   2990 |    179 |     35 |   1439 |   5 |  633.8 |
       Dungeon |   3078 |   2899 |    179 |     35 |   1439 |   4 |  769.5 |
       Ossuary |     91 |     91 |      0 |      0 |      0 |   1 |   91.0 |
               +--------+--------+--------+--------+--------+-----+--------+

Top non-repeatable levels by time:
     D:2: 1034 daAuts
     D:1: 956 daAuts
     D:3: 879 daAuts
     D:4: 208 daAuts
 Ossuary: 91 daAuts
